 Dungeon Crawl Stone Soup version 0.16-a0-3992-g631dd12 (webtiles) character file.

1164 abixa the Ruffian (level 8, -1/79 HPs)
             Began as a Troll Monk on Feb 12, 2015.
             Was a Believer of Okawaru.
             Slain by a giant frog (7 damage)
             ... on level 6 of the Dungeon.
             The game lasted 00:20:43 (5233 turns).

abixa the Ruffian (Troll Monk)                      Turns: 5233, Time: 00:20:44

Health: -1/79      AC:  5    Str: 20    XL:     8   Next: 17%
Magic:  4/4        EV: 12    Int:  6    God:    Okawaru [**....]
Gold:   217        SH:  0    Dex: 14    Spells: 0 memorised, 7 levels left

rFire  . . .     SeeInvis .     b - +5 blowgun
rCold  . . .     Clarity  .     a - +0 robe
rNeg   . . .     SustAb   .     (shield restricted)
rPois  .         Gourm    +     (helmet restricted)
rElec  .         Spirit   .     (no cloak)
rCorr  .         Warding  .     (gloves unavailable)
rMut   .         Stasis   .     (boots unavailable)
MR     .....                    (no amulet)
Stlth  +++.......               (no ring)
                                f - ring of stealth

@: lethally poisoned (-1 -> -2), very slightly contaminated, not resistant to
hostile enchantments, fairly stealthy
A: unfitting armour, claws 3, fast metabolism 3, gourmand, regeneration 2,
shaggy fur 1, tough skin 2
a: Heroism, Renounce Religion


You were on level 6 of the Dungeon.
You worshipped Okawaru.
Okawaru was pleased with you.
You were full.

You visited 1 branch of the dungeon, and saw 6 of its levels.

You collected 217 gold pieces.

Inventory:

Hand weapons
 b - a +5 blowgun (weapon)
 s - a +0 trident
Missiles
 d - 187 stones
 u - 21 poisoned needles (quivered)
 C - 2 throwing nets
Armour
 a - a +0 robe (worn)
Jewellery
 f - a ring of stealth (left claw)
 x - an uncursed ring of positive energy {unknown}
 H - a +2 ring of intelligence {unknown}
Magical devices
 o - a wand of polymorph (9)
 y - a wand of digging (21)
 F - a wand of slowing (14)
Scrolls
 c - 3 scrolls of magic mapping
 e - 6 scrolls of identify
 h - 2 scrolls of remove curse
 i - a scroll of enchant weapon {unknown}
 j - 2 scrolls of noise
 l - 2 scrolls of teleportation {unknown}
 p - a scroll of amnesia {unknown}
 B - 2 scrolls of blinking
 E - a scroll of random uselessness {unknown}
Potions
 g - a potion of ambrosia
 m - a potion of lignification
 v - 2 potions of brilliance {unknown}
 z - 2 potions of restore abilities {unknown}
 A - a potion of degeneration {unknown}
 D - a potion of invisibility {unknown}
 G - a potion of cancellation {unknown}
Comestibles
 k - 5 fruits
 n - 6 bread rations
 q - a slice of pizza
 r - 2 royal jellies
 t - 6 meat rations
 w - 4 beef jerkies


   Skills:
 + Level 4.3 Fighting
 + Level 4.8 Throwing
 + Level 4.5 Dodging
 - Level 1.1 Stealth
 + Level 6.0 Unarmed Combat
 - Level 1.2 Invocations


You had 7 spell levels left.
You didn't know any spells.

Dungeon Overview and Level Annotations

Branches:
Dungeon (6/15)
 Temple: D:4-7

Altars:
Gozag
Makhleb
Okawaru
Qazlal
Sif Muna
Xom

Shops:
D:3 *

Annotations:
D:5 Absynth's ghost, experienced DsGl
D:6 Blork the orc


Innate Abilities, Weirdness & Mutations

You are too large for most types of armour.
You have claws for hands.
Your metabolism is lightning-fast.
You like to eat raw meat.
You heal very quickly.
You are covered in fur (AC +1).
You have very tough skin (AC +2).


Message History

The rat bites you.
* * * LOW HITPOINT WARNING * * *
You feel sick.
The water moccasin skeleton bites you but does no damage.
You feel sick.
The water moccasin skeleton closely misses you. x2
You feel sick.
The giant frog hits you but does no damage.
The giant frog hits you.
* * * LOW HITPOINT WARNING * * *
You feel sick.
You feel sick. The giant frog barely misses you.
You feel sick. The giant frog closely misses you. The giant frog hits you.
* * * LOW HITPOINT WARNING * * *
There is a stone staircase leading up here.
You feel sick.
The giant frog hits you but does no damage.
The giant frog hits you!
You die...

)...........#.######.........<..#.#
#.##............,,,#.#######..#.#.#
*,*######.........,#.# #..#.#.#
*,******#..........#.# #..#.#.#
*.*.,,,............#.# #..#.#.#
..*.#**#....#.####*#.# #..#.#.#
..*.# #.......,,,,..# #..#.#.#
..*.# #..#.#.#####..# #.......
#.#.# #..#.#.#ZF@...# #....#..
#...* #..#.#.#.#F#.##****#######..
##.## #....#.#.c.#....,,..........
##..#####.###......####***########.
.......................,,,..#......
..#..#.......#.....########.#.###..
..##.#.......#..........<.......#..
.F.#.........#.#########.##.#.#.#..
##.##........#.#########.##.#.#.#..


You could see 2 giant frogs, a centaur and a water moccasin skeleton.

Vanquished Creatures
  A phantom (D:4)
  An ogre (D:6)
  2 giant frogs (D:6)
  2 scorpions (D:4)
  A crimson imp (D:6)
  A centaur zombie (D:5)
  3 orc priests
  A jelly (D:5)
  2 hounds
  4 orc wizards
  Natasha (thrice) (D:5)
  3 worker ants
  A hound skeleton (D:6)
  Terence (D:3)
  A worker ant zombie (D:5)
  A mummy (D:6)
  2 gnolls (D:6)
  10 adders
  3 worms
  An adder skeleton (D:5)
  An adder zombie (D:6)
  20 orcs
  10 bats
  A bat skeleton (D:3)
  A bat zombie (D:5)
  5 giant cockroaches
  20 hobgoblins
  9 jackals (D:1)
  An ooze (D:3)
  2 quokkas
  2 ball pythons
  7 giant geckos
  2 giant newts (D:1)
  10 goblins
  10 kobolds
  7 rats
152 creatures vanquished.

Vanquished Creatures (others)
  An orc warrior (D:4)
  A gnoll (D:4)
  2 hobgoblins (D:4)
4 creatures vanquished.

Grand Total: 156 creatures vanquished

Notes
Turn   | Place    | Note
--------------------------------------------------------------
     0 | D:1      | abixa, the Troll Monk, began the quest for the Orb.
     0 | D:1      | Reached XP level 1. HP: 22/22 MP: 1/1
   125 | D:1      | Reached XP level 2. HP: 25/29 MP: 1/1
   575 | D:1      | Reached XP level 3. HP: 36/36 MP: 2/2
  1292 | D:2      | Found a stormy altar of Qazlal.
  1404 | D:2      | Reached XP level 4. HP: 42/45 MP: 2/2
  1540 | D:2      | Reached skill level 1 in Throwing
  1751 | D:3      | Found Gozag's Platinum Reserve.
  1751 | D:3      | Found an opulent altar of Gozag.
  1832 | D:3      | Reached XP level 5. HP: 29/53 MP: 2/2
  2143 | D:3      | You fall through a shaft for 2 floors!
  2143 | D:5      | Entered Level 5 of the Dungeon
  2145 | D:5      | Found a burning altar of Makhleb.
  2252 | D:5      | Noticed Absynth's ghost (experienced DsGl)
  2349 | D:4      | Noticed an orc warrior
  2357 | D:4      | Killed an orc warrior
  2405 | D:4      | Found a shimmering altar of Xom.
  2425 | D:4      | Reached XP level 6. HP: 42/61 MP: 3/3
  2590 | D:4      | Noticed a phantom
  2881 | D:3      | Noticed Terence
  2890 | D:3      | Killed Terence
  3126 | D:4      | Reached skill level 5 in Unarmed Combat
  3454 | D:4      | Reached XP level 7. HP: 59/67 MP: 3/3
  3926 | D:5      | Noticed Natasha
  3936 | D:5      | Killed Natasha
  3950 | D:5      | Noticed Natasha
  4050 | D:4      | Killed a phantom
  4403 | D:5      | Killed Natasha
  4501 | D:5      | Noticed Natasha
  4680 | D:5      | Killed Natasha
  4907 | D:6      | Found an iron altar of Okawaru.
  4915 | D:6      | Reached XP level 8. HP: 78/78 MP: 3/3
  4957 | D:6      | Became a worshipper of Warmaster Okawaru
  4957 | D:6      | Acquired Okawaru's first power
  5074 | D:6      | Found a deep blue altar of Sif Muna.
  5193 | D:6      | Noticed Blork the orc
  5209 | D:6      | Reached skill level 6 in Unarmed Combat
  5209 | D:6      | Reached skill level 1 in Invocations
  5233 | D:6      | Slain by a giant frog

Action                   |  1- 3 |  4- 6 |  7- 9 || total
-------------------------+-------+-------+-------++-------
Melee: Unarmed           |   101 |   169 |   154 ||   424
 Fire: Blowgun           |       |     1 |     4 ||     5
Throw: Stone             |    14 |    64 |    83 ||   161
  Use: Scroll            |       |     3 |     4 ||     7
 Stab: Sleeping          |     1 |     5 |     5 ||    11
  Eat: Chunk             |    13 |    21 |    17 ||    51
